 Dungeon Crawl Stone Soup version 0.30.0-5-g1a98f26d00 (webtiles) character file.

Game seed: 3193099443646076621

1535 SnakkuSnakku7 the Basher (level 9, -1/74 HPs)
             Began as a Human Cinder Acolyte on May 13, 2023.
             Was a High Priest of Ignis.
             Slain by Dowan the river rat (2 damage)
             ... on level 6 of the Dungeon.
             The game lasted 00:08:58 (5492 turns).

SnakkuSnakku7 the Basher (Human Cinder Acolyte)     Turns: 5492, Time: 00:08:59

Health: -1/74      AC: 12    Str: 19    XL:     9   Next: 11%
Magic:  10/10      EV:  7    Int: 14    God:    Ignis [*****.]
Gold:   238        SH:  0    Dex:  9    Spells: 10/10 levels left

rFire   + + .        B - +0 whip (venom)
rCold   . . .        (no shield)
rNeg    . . .        H - +2 chain mail {rF+}
rPois   .            f - +0 helmet
rElec   .            c - scarf {shadows}
rCorr   .            (no gloves)
SInv    .            w - +0 pair of boots
Will    .....        (no amulet) Stlth
                     (no ring)
HPRegen 0.32/turn    (no ring)
MPRegen 0.12/turn

%: no passive effects
@: no status effects
A: no striking features
a: Renounce Religion, Fiery Armour, Foxfire Swarm, Rising Flame


You were on level 6 of the Dungeon.
You worshipped Ignis.
Ignis was extremely pleased with you.
You visited 1 branch of the dungeon, and saw 6 of its levels.
You also visited: Sewer.

You collected 388 gold pieces.
You spent 150 gold pieces at shops.

Inventory:

Hand Weapons
 a - a +1 mace of protection
 B - a +0 whip of venom (weapon)
Armour
 b - a +0 robe
 c - a scarf of shadows (worn)
 f - a +0 helmet (worn)
 l - a scarf of resistance
 p - a +0 ring mail
 w - a +0 pair of boots (worn)
 x - a +3 ring mail
 A - an orb of wrath
 H - a +2 chain mail of fire resistance (worn)
Jewellery
 G - an amulet of guardian spirit
Wands
 v - a wand of digging (5)
 F - a wand of polymorph (3)
Scrolls
 d - 2 scrolls of vulnerability {unknown}
 g - 2 scrolls of magic mapping {unknown}
 h - 2 scrolls of immolation {unknown}
 i - 3 scrolls of blinking {unknown}
 k - 10 scrolls of identify {unknown}
 t - a scroll of fear {unknown}
 y - a scroll of teleportation {unknown}
 z - a scroll of silence {unknown}
 C - a scroll of fog {unknown}
 D - a scroll of summoning {unknown}
Potions
 e - a potion of magic {unknown}
 j - a potion of curing {unknown}
 m - 3 potions of heal wounds {unknown}
 n - a potion of haste {unknown}
 o - 3 potions of mutation {unknown}
 q - 2 potions of brilliance {unknown}
 r - a potion of berserk rage {unknown}
 s - 3 potions of flight {unknown}
 u - a potion of degeneration {unknown}
 E - a potion of might {unknown}


   Skills:
 - Level 8.0 Fighting
 + Level 8.5 Maces & Flails
 - Level 1.0 Spellcasting
 - Level 3.0 Fire Magic


You had 10 spell levels left.
You didn't know any spells.
Your spell library contained the following spells:

 Spells                   Type           Power      Damage    Failure   Level
 Scorch                   Fire           18%        2d6       75%         2
 Summon Small Mammal      Summ           0%         N/A       95%         1
 Blink                    Tloc           0%         N/A       98%         2
 Lesser Beckoning         Tloc           0%         N/A       98%         2
 Momentum Strike          Conj/Tloc      0%         3d8       98%         2
 Call Canine Familiar     Summ           0%         N/A       100%        3
 Dazzling Flash           Conj/Hex       0%         N/A       100%        3
 Summon Guardian Golem    Hex/Summ       0%         N/A       100%        3
 Agony                    Necr           0%         N/A       100%        5
 Silence                  Hex/Air        0%         N/A       100%        5


Dungeon Overview and Level Annotations

Branches:
Dungeon (6/15)             Temple (0/1) D:4           Sewer (visited)

Altars:
Cheibriados
Nemelex Xobeh
Sif Muna
Trog
Xom

Shops:
D:2 (   D:3 [   D:4 [

Annotations:
D:6 Dowan


Message History

You hear some strange, mumbled words.
You hit something.
You hear some strange, mumbled words.
You hear some strange, mumbled words.
A shard of ice appears from out of thin air!
The shard of ice hits you!
You hear some strange, mumbled words.
A shard of ice appears from out of thin air!
The shard of ice hits you!
You hear some strange, mumbled words.
A shard of ice appears from out of thin air!
The shard of ice hits you!!
* * * LOW HITPOINT WARNING * * *
Aiming: Polymorph
Press: ? - help, Shift-Dir - straight line, f - gnoll
Aim: a gnoll, wielding a +0 flail (will become a frilled lizard, a rat, or a centaur, chance to affect: 57%) Nothing appears to happen.
Unknown command.
Aiming: Polymorph
Press: ? - help, Shift-Dir - straight line, f/p - gnoll
Aim: a gnoll, wielding a +0 flail (will become a frilled lizard, a rat, or a centaur, chance to affect: 57%) Nothing appears to happen.
Something hits you but does no damage.
Unknown command.
Unknown command.
Aiming: Polymorph
Press: ? - help, Shift-Dir - straight line, f/p - gnoll
Aim: a gnoll, wielding a +0 flail (will become a frilled lizard, a rat, or a centaur, chance to affect: 57%) Dowan appears out of thin air!
Reactivating autopickup.
Unknown command.
Unknown command.
You barely miss Dowan.
Dowan is moderately wounded.
Dowan barely misses you.
You hit Dowan.
Dowan is severely wounded.
The gnoll hits you with a +0 flail!
* * * LOW HITPOINT WARNING * * *
Dowan bites you.
You die...

#########
.##.......#######################
...............r@.............>..
.##.#####)#####g...[.#########.##
#.# #....##......# #.## #.#
####.##......# #^## #g.
#.........# #.#. #.# ####......#
#.#. #.. #.........# #.#.
#.#.......# #.#. #.....##### #.#.


You could see a gnoll and Dowan the river rat.

Vanquished Creatures
  Prince Ribbit (D:6)
  A steam dragon (D:6)
  A water moccasin (D:5)
  Duvessa (D:6)
  A sky beast (D:4)
  A phantom (D:6)
  A scorpion (D:4)
  A howler monkey (D:6)
  4 orc priests
  A hound (D:5)
  A gnoll bouda (D:5)
  4 iguanas
  3 orc wizards
  6 gnolls
  12 adders
  5 river rats
  A white imp (D:6)
  9 worms
  A dart slug (D:1)
  16 orcs
  21 endoplasms
  3 giant cockroaches
  3 goblins
  8 hobgoblins
  2 jackals (D:2)
  5 quokkas
  11 ball pythons
  4 bats
  4 frilled lizards
  13 kobolds
  15 rats
160 creatures vanquished.

Vanquished Creatures (others)
  A gnoll (D:6)
1 creature vanquished.

Grand Total: 161 creatures vanquished

Notes
Turn   | Place    | Note
-------+----------+-------------------------------------------
     0 | D:1      | SnakkuSnakku7 the Human Cinder Acolyte began the quest for
                  | the Orb.
     0 | D:1      | Reached XP level 1. HP: 18/18 MP: 2/2
    79 | D:1      | Reached XP level 2. HP: 16/24 MP: 3/3
   379 | D:1      | Reached XP level 3. HP: 24/29 MP: 4/4
  1036 | D:2      | Found Buot's Antique Weapon Emporium.
  1094 | D:2      | Reached XP level 4. HP: 35/35 MP: 5/5
  1219 | D:2      | Bought a glowing mace for 150 gold pieces
  1395 | D:3      | Found Kityproz's Antique Armour Shoppe.
  1429 | D:3      | Reached skill level 5 in Maces & Flails
  1491 | D:3      | Reached XP level 5. HP: 18/41 MP: 6/6
  1763 | D:3      | Found a snail-covered altar of Cheibriados.
  1921 | D:3      | Found a faded altar of an unknown god.
  2395 | D:4      | Reached XP level 6. HP: 35/47 MP: 7/7
  2693 | D:4      | Found a glowing drain.
  2697 | Sewer    | Entered a sewer
  3098 | Sewer    | Reached XP level 7. HP: 52/54 MP: 8/8
  3416 | D:4      | Reached skill level 5 in Fighting
  3420 | D:4      | Found Zyhyuh's Antique Armour Shoppe.
  3478 | D:4      | Found a staircase to the Ecumenical Temple.
  3566 | D:4      | Found a shimmering altar of Xom.
  3837 | D:5      | Entered Level 5 of the Dungeon
  4087 | D:5      | Reached XP level 8. HP: 53/65 MP: 9/9
  4194 | D:5      | Found a shimmering blue altar of Sif Muna.
  4783 | D:5      | Found a sparkling altar of Nemelex Xobeh.
  4783 | D:5      | Found a bloodstained altar of Trog.
  4899 | D:6      | Noticed Prince Ribbit
  4917 | D:6      | Killed Prince Ribbit
  5331 | D:6      | Reached XP level 9. HP: 63/74 MP: 10/10
  5440 | D:6      | Noticed Duvessa
  5463 | D:6      | Killed Duvessa
  5465 | D:6      | Noticed Dowan
  5490 | D:6      | Noticed Dowan
  5492 | D:6      | HP: 1/74 [gnoll/+0 flail[a gnoll sergeant] (9)]
  5492 | D:6      | Slain by Dowan the river rat

Illustrated notes

Levels and vault maps discovered:
D:1:      beargit_arrival_greenhouse, layout_rooms, serial_forest,
          infiniplex_forest_lined_3, infiniplex_forest_diagonal,
          infiniplex_forest_lined_3, infiniplex_forest_clump_double,
          infiniplex_forest_zigzag_1, infiniplex_forest_end_2
D:2:      layout_basic, serial_shops, shop, minmay_mini_jars
D:3:      layout_basic, lemuel_tele_altar,
          shapermc_ecumenical_altar_mp_ritualfount, serial_shops,
          shop_fountains, grunt_ministairs_3
D:4:      layout_basic, mainiacjoe_overflow_boulevard,
          minmay_temple_entry_ruins, lightli_sewer_entry_pipes, serial_shops,
          nicolae_shop_pleasant_corner_grove
D:5:      layout_basic, led_sif_pool, gammafunk_temple_overflow_elements
D:6:      layout_basic, grunt_temple_overflow_order_and_chaos_2,
          uniq_prince_ribbit1, uniq_duvessa

Skill      XL: |  1  2  3  4  5  6  7  8 |
---------------+-------------------------+-----
Maces & Flails | 4 5 6 8 |  8.5
Fighting       | 4 6 8 |  8.0
Spellcasting   | |  1.0
Fire Magic     | |  3.0

Action                     |  1- 3 |  4- 6 |  7- 9 || total
---------------------------+-------+-------+-------++-------
  Melee: Mace              |   131 |   152 |       ||   283
         Whip              |       |   161 |   330 ||   491
         Punch             |       |     4 |     2 ||     6
  Evoke: Wand              |       |       |     3 ||     3
 Armour: Robe              |    21 |       |       ||    21
         Ring mail         |    34 |   133 |    90 ||   257
         Chain mail        |       |       |    35 ||    35
  Dodge: Dodged            |    89 |   139 |   109 ||   337
